 Dungeon Crawl Stone Soup version 0.20.1-1-g8b1a95d (webtiles) character file.

362 dohliylev the Covert (level 6, -3/41 HPs)
             Began as a Vampire Enchanter on Dec 27, 2017.
             Was an Initiate of Nemelex Xobeh.
             Slain by a centaur skeleton (6 damage)
             ... on level 5 of the Dungeon.
             The game lasted 00:06:28 (937 turns).

dohliylev the Covert (Vampire Enchanter)             Turns: 937, Time: 00:06:29

Health: -3/41      AC:  2    Str:  7    XL:     6   Next: 39%
Magic:  8/9        EV: 13    Int: 19    God:    Nemelex Xobeh [......]
Gold:   70         SH:  0    Dex: 15    Spells: 6/9 levels left

rFire    . . .     SeeInvis +   a - +1 dagger
rCold    . . .     Gourm    .   (no shield)
rNeg     + . .     Faith    .   b - +0 robe
rPois    .         Spirit   .   (no helmet)
rElec    .         Reflect  .   (no cloak)
rCorr    .         Harm     .   (no gloves)
MR       .....                  (no boots)
Stlth    +++++.....             (no amulet)
Regen    0.2/turn               (no ring)
MPRegen  0.2/turn               (no ring)

@: no status effects
A: fangs 3, see invisible, unbreathing
a: Bat Form, Renounce Religion


You were on level 5 of the Dungeon.
You worshipped Nemelex Xobeh.
Nemelex Xobeh was noncommittal.
You were not thirsty.

You visited 2 branches of the dungeon, and saw 6 of its levels.

You collected 70 gold pieces.

Inventory:

Hand Weapons
 a - a +1 dagger (weapon)
Armour
 b - a +0 robe (worn)
 l - a +0 helmet
Jewellery
 n - a +3 ring of protection {unknown}
Scrolls
 f - a scroll of identify {unknown}
 g - 2 scrolls of recharging {unknown}
 k - a scroll of remove curse {unknown}
Potions
 d - 3 potions of blood
 e - a potion of heal wounds {unknown}
 h - 2 potions of brilliance {unknown}
 i - a potion of degeneration {unknown}
 j - 3 potions of curing {unknown}
Books
 c - a book of Maledictions

   Spells                             Type                      Level
   a - Corona                         Hexes                        1
   b - Ensorcelled Hibernation        Hexes/Ice                    2
   c - Confuse                        Hexes                        3
   d - Tukima's Dance                 Hexes                        3
   e - Dazzling Spray                 Conjuration/Hexes            3
Miscellaneous
 m - a plain deck of destruction {drawn: 1}


   Skills:
 - Level 1.1 Short Blades
 - Level 2.1 Dodging
 + Level 11.0 Stealth
 - Level 2.0 Spellcasting
 - Level 4.4 Hexes
 - Level 0.2 Ice Magic


You had 6 spell levels left.
You knew the following spells:

 Your Spells              Type           Power        Failure   Level  Hunger
a - Corona                Hex            ###....      2%          1    #......
b - Ensorcelled Hibernat  Hex/Ice        ##....       10%         2    ###....


Dungeon Overview and Level Annotations

Branches:
Dungeon (5/15)             Temple (1/1) D:5

Altars:
Ashenzari
Cheibriados
Dithmenos
Fedhas
Hepliaklqana
Kikubaaqudgha
Nemelex Xobeh
Okawaru
Qazlal
Ru
Sif Muna
Trog
Uskayaw
Xom
Zin
The Shining One


Innate Abilities, Weirdness & Mutations

You have razor-sharp teeth.
You have supernaturally acute eyesight. (SInv)
You can survive without breathing.


Message History

Aim: a centaur skeleton (almost destroyed, chance to defeat MR: 69%)
The centaur skeleton is outlined in light.
The centaur skeleton hits you!
* * * LOW HITPOINT WARNING * * *
The centaur skeleton misses you.
You hit the centaur skeleton but do no damage.
The centaur skeleton is almost destroyed.
The centaur skeleton hits you.
* * * LOW HITPOINT WARNING * * *
You hit the centaur skeleton.
The centaur skeleton is almost destroyed.
The centaur skeleton hits you.
* * * LOW HITPOINT WARNING * * *
A centaur skeleton is nearby!
Evoke which item? (* to show all) (? for menu, Esc to quit)
You draw a card...
It is Wild Magic.
The centaur skeleton is blasted with air!
You feel a surge of magic. The centaur skeleton hits you.
You die...
Your body disappears without a glow.

#.. #.# #.# #.# # #.#
##### #.. #.####... ..
###...##.##.#
#...........#
#.#...##@####
#.##.###Z#..
#...............
#.......(......#
#########........#.##...
.................... .#
##...#.#.#.#.#......#
#................#...
#....#.......#....)...


You could see a centaur skeleton.

Vanquished Creatures
  Sigmund (D:5)
  A centaur (D:5)
  A scorpion (D:5)
  An orc wizard (D:3)
  An iguana (D:4)
  A dart slug (D:1)
  A leopard gecko (D:1)
  2 orcs (D:3)
  A ball python (D:1)
  2 giant cockroaches
  5 hobgoblins (D:1)
  2 bats
  3 frilled lizards
  3 kobolds
  A rat (D:1)
26 creatures vanquished.

Notes
Turn   | Place    | Note
-------+----------+-------------------------------------------
     0 | D:1      | dohliylev the Vampire Enchanter began the quest for the Orb.
     0 | D:1      | Reached XP level 1. HP: 13/13 MP: 3/3
    60 | D:1      | Reached skill level 5 in Stealth
   102 | D:1      | Reached XP level 2. HP: 19/19 MP: 5/5
   128 | D:1      | Learned a level 2 spell: Ensorcelled Hibernation
   259 | D:2      | Found a deep blue altar of Sif Muna.
   261 | D:2      | Found a blossoming altar of Fedhas.
   281 | D:2      | Reached skill level 6 in Stealth
   404 | D:3      | Reached skill level 7 in Stealth
   404 | D:3      | Reached XP level 3. HP: 24/24 MP: 6/6
   561 | D:4      | Reached XP level 4. HP: 30/30 MP: 7/7
   576 | D:5      | Entered Level 5 of the Dungeon
   578 | D:5      | Found an iron altar of Okawaru.
   579 | D:5      | Noticed a centaur
   596 | D:5      | Killed a centaur
   596 | D:5      | Reached skill level 9 in Stealth
   596 | D:5      | Reached XP level 5. HP: 12/35 MP: 4/8
   735 | D:5      | Found a staircase to the Ecumenical Temple.
   740 | D:5      | Noticed Sigmund
   762 | Temple   | Entered the Ecumenical Temple
   843 | Temple   | Became a worshipper of Nemelex Xobeh the Trickster
   863 | D:5      | Killed Sigmund
   863 | D:5      | Reached skill level 11 in Stealth
   863 | D:5      | Reached XP level 6. HP: 36/41 MP: 2/9
   883 | D:5      | Received a gift from Nemelex Xobeh
   937 | D:5      | Slain by a centaur skeleton

Skill      XL: |  1  2  3  4  5 |
---------------+----------------+-----
Stealth        | 5 7 9 11 | 11.0
Short Blades   | |  1.1
Dodging        | |  2.1
Spellcasting   | |  2.0
Hexes          | |  4.4
Ice Magic      | |  0.2

Action                   |  1- 3 |  4- 6 || total
-------------------------+-------+-------++-------
Melee: Dagger            |    52 |    15 ||    67
       Bite              |     2 |     1 ||     3
 Cast: Corona            |     4 |     2 ||     6
       Ensorcelled Hiber |    10 |     7 ||    17
Evoke: Deck              |       |     1 ||     1
 Stab: Sleeping          |    12 |     3 ||    15
  Eat: Corpse            |     6 |     1 ||     7
Armor: Robe              |     9 |       ||     9
Dodge: Dodged            |    34 |    13 ||    47
